 Dungeon Crawl Stone Soup version 0.20.0-15-g7f486f2 (webtiles) character file.

144 KleinerIrrer the Covered (level 5, -1/43 HPs)
             Began as a Barachi Fighter on June 25, 2017.
             Killed from afar by an orc wizard (8 damage)
             ... with a magic dart
             ... on level 3 of the Dungeon.
             The game lasted 00:05:02 (2066 turns).

KleinerIrrer the Covered (Barachi Fighter)          Turns: 2066, Time: 00:05:03

Health: -1/43      AC:  7    Str: 18    XL:     5   Next: 27%
Magic:  5/5        EV:  8    Int:  9    God:
Gold:   99         SH:  9    Dex: 11    Spells: 4/4 levels left

rFire    . . .     SeeInvis .   j - +1 short sword (flame)
rCold    . . .     Gourm    .   c - +0 shield
rNeg     . . .     Faith    .   b - +0 scale mail
rPois    .         Spirit   .   (no helmet)
rElec    .         Reflect  .   (no cloak)
rCorr    .         Harm     .   (no gloves)
MR       .....                  (no boots)
Stlth    ..........             (no amulet)
Regen    0.2/turn               (no ring)
MPRegen  0.1/turn               (no ring)

@: slow
A: +LOS, swims, slowness 1, strong legs 1
a: Hop


You were on level 3 of the Dungeon.
You were hungry.

You visited 1 branch of the dungeon, and saw 3 of its levels.

You collected 99 gold pieces.

Inventory:

Hand Weapons
 a - a +0 long sword
 j - a +1 short sword of flaming (weapon)
Armour
 b - a +0 scale mail (worn)
 c - a +0 shield (worn)
Scrolls
 e - 2 scrolls of identify {unknown}
 i - a scroll of remove curse {unknown}
 k - a scroll of enchant weapon {unknown}
 p - 2 scrolls of enchant armour {unknown}
 q - a scroll of teleportation {unknown}
 t - a scroll of fog {unknown}
 v - a scroll of amnesia {unknown}
Potions
 d - a potion of might
 h - a potion of ambrosia {unknown}
 l - a potion of lignification {unknown}
 m - a potion of heal wounds {unknown}
 n - a potion of haste {unknown}
 r - 2 potions of curing {unknown}
 s - a potion of flight {unknown}
Comestibles
 f - 4 bread rations
 g - a meat ration
 u - a royal jelly


   Skills:
 + Level 4.3 Fighting
 * Level 3.2 Long Blades
 + Level 4.8 Armour
 + Level 1.4 Dodging
 + Level 4.3 Shields


You had 4 spell levels left.
You didn't know any spells.

Dungeon Overview and Level Annotations

Branches:
Dungeon (3/15)

Altars:


Innate Abilities, Weirdness & Mutations

Shadows flee at your approach. (+LOS)
You can swim through water.
You cover ground slowly.
You can hop short distances.


Message History

You miss the orc wizard.
The orc wizard is almost dead.
The orc wizard barely misses you.
You closely miss the orc wizard.
The orc wizard is almost dead.
You block the orc wizard's attack.
You barely miss the orc wizard.
The orc wizard is almost dead.
The orc wizard points at you and mumbles some strange words.
The magic dart hits you!
You miss the orc wizard.
The orc wizard is almost dead.
The orc wizard points at you and mumbles some strange words.
The magic dart hits you!
* * * LOW HITPOINT WARNING * * *
You miss the orc wizard.
The orc wizard is almost dead.
The orc wizard casts a spell at you. The magic dart hits you!
You die...

....##
##.....o####......#.....
..<.#
#......###.............
....#
#.....l..........#..)..
...##
######..###........(...
..## #.....##
#......#(..). ..#
+...### #......(.....
<.# ##...# #......##....
###
#...÷######.####.###...
#....[@o...............
#....##....÷.##..##....
#....##.........####...
#.....##.....(#### ##..
########......# ##.
#......# ## #......#
#......# ########


You could see an orc wizard.

Vanquished Creatures
  8 adders
  2 worms
  A dart slug (D:2)
  2 leopard geckos (D:2)
  7 orcs (D:3)
  9 bats
  4 giant cockroaches
  5 goblins
  5 hobgoblins
  4 kobolds
  A ball python (D:1)
  5 frilled lizards
  9 rats
62 creatures vanquished.

Notes
Turn   | Place    | Note
-------+----------+-------------------------------------------
     0 | D:1      | KleinerIrrer the Barachi Fighter began the quest for the Orb.
     0 | D:1      | Reached XP level 1. HP: 18/18 MP: 1/1
   261 | D:1      | Reached XP level 2. HP: 25/25 MP: 2/2
   661 | D:2      | Reached XP level 3. HP: 28/30 MP: 3/3
   977 | D:2      | Reached XP level 4. HP: 17/38 MP: 4/4
  1754 | D:3      | Reached skill level 1 in Dodging
  1754 | D:3      | Reached XP level 5. HP: 30/43 MP: 5/5
  2066 | D:3      | Killed from afar by an orc wizard

Skill      XL: |  1  2  3  4 |
---------------+-------------+-----
Fighting       | 4 |  4.3
Armour         | 4 |  4.8
Shields        | 4 |  4.3
Long Blades    | 3 |  3.2
Dodging        | 1 |  1.4

Action                   |  1- 3 |  4- 6 || total
-------------------------+-------+-------++-------
Melee: Long sword        |     9 |       ||     9
       Short sword       |    88 |    99 ||   187
 Abil: Hop               |     1 |       ||     1
  Eat: Chunk             |     1 |     3 ||     4
Armor: Scale mail        |    38 |    52 ||    90
Dodge: Dodged            |    23 |    45 ||    68
Block: Shield            |    46 |    62 ||   108
       Rpst.: Long sword |     2 |       ||     2
